AoeStats
← [AP] Boromir

Arabia

506201620Analyzed
1v1 RM · 18d ago on Sep 12, 2026· 14m 43s· 2 players
Game mode
Random Map
Map size
Tiny (2 player)
Population
200
Speed
Normal
Resources
Standard
Victory
Conquest
Starting age
Dark Age
Ending age
Imperial Age
RankedLock teamsTeams togetherTeam positionsShared explorationLock speedFull tech treeHidden civsTurbo modeCheats
Victory
Defeat
🇨🇱 Malians · Chile
1254
+14
🇺🇸 Saracens · United States
1220
-14
minghettoni
8:58 Loom
10:48 Feudal Age
11:46 Double-Bit Axe
12:03 Horse Collar
[AP] Boromir
7:00 Loom
10:09 Feudal Age
11:48 Town Watch
11:55 Man-at-Arms
13:06 Double-Bit Axe
13:13 Fletching
Connection lost

Rejoining the realm…

Still unreachable

The connection could not be restored.

Session expired

The server has moved on; the page needs a fresh start.